 Dungeon Crawl Stone Soup version 0.24-a0-528-g98e85ec62a (webtiles) character file.

Game seed: 4091133758415841289

170 Gynju the Magician (level 5, -3/31 HPs)
             Began as an Octopode Wizard on Aug 5, 2019.
             Succumbed to an orc wizard's poison
             ... on level 3 of the Dungeon.
             The game lasted 00:03:23 (3852 turns).

Gynju the Magician (Octopode Wizard)                Turns: 3852, Time: 00:03:24

Health: -3/31      AC:  1    Str:  6    XL:     5   Next: 50%
Magic:  1/10       EV: 13    Int: 22    God:
Gold:   95         SH:  5    Dex: 14    Spells: 10/11 levels left

rFire    . . .     SeeInvis .   g - +0 whip
rCold    . . .     Gourm    .   e - +0 buckler
rNeg     . . .     Faith    .   a - +0 hat
rPois    .         Spirit   .   h - amulet of rage
rElec    .         Reflect  .   o - +4 ring of dexterity
rCorr    .         Harm     .   (no ring)
MR       .....                  (no ring)
Stlth    +++.......             (no ring)
HPRegen  0.10/turn              (no ring)
MPRegen  0.12/turn              (no ring)
                                (no ring)
                                (no ring)

@: lethally poisoned (-3 -> -42), very slightly contaminated
A: almost no armour, stealthy swim, amphibious, 8 rings, constrict 8, camouflage
1, gelatinous body 1
a: Evoke Berserk Rage


You were on level 3 of the Dungeon.
You were not hungry.

You visited 1 branch of the dungeon, and saw 4 of its levels.

You collected 95 gold pieces.

Inventory:

Hand Weapons
 g - a +0 whip (weapon)
Armour
 a - a +0 hat (worn)
 e - a +0 buckler (worn)
Jewellery
 h - an amulet of rage (around mantle)
 o - a +4 ring of dexterity (left tentacle)
Scrolls
 b - a scroll of enchant weapon {unknown}
 f - a scroll of magic mapping {unknown}
 j - a scroll of identify {unknown}
 k - a scroll of blinking {unknown}
 l - a scroll of fog {unknown}
 m - 2 scrolls of remove curse {unknown}
 n - 2 scrolls of teleportation {unknown}
 r - a scroll of amnesia {unknown}
 s - a scroll of noise {unknown}
Potions
 d - a potion of berserk rage {unknown}
 i - a potion of flight {unknown}
 q - a potion of haste {unknown}
Comestibles
 c - 14 rations


   Skills:
 - Level 2.0 Dodging
 - Level 2.6 Stealth
 * Level 3.0 Shields
 + Level 3.9 Spellcasting
 + Level 2.8 Conjurations
   Level 1.0 Summonings
   Level 1.0 Translocations


You had 10 spell levels left.
You knew the following spells:

 Your Spells              Type           Power        Failure   Level  Hunger
a - Magic Dart            Conj           ###.         3%          1    None

Your spell library contained the following spells:

 Spells                   Type           Power        Failure   Level  Hunger
 Blink                    Tloc           N/A          12%         2    #......
 Call Imp                 Summ           #.......     12%         2    #......
 Slow                     Hex            #.......     19%         2    #......
 Conjure Flame            Conj/Fire      ##......     21%         3    ###....
 Mephitic Cloud           Conj/Pois/Air  #.......     26%         3    ###....


Dungeon Overview and Level Annotations

Branches:
Dungeon (4/15)
 Temple: D:4-7

Altars:
Sif Muna

Annotations:
D:2 1 runed translucent door, Crazy Yiuf


Innate Abilities, Weirdness & Mutations

You cannot wear most types of armour.
You are very stealthy in the water. (Stealth+)
You are amphibious.
You can wear up to eight rings at the same time.
You can use your tentacles to constrict eight enemies at once.
Your skin changes colour to match your surroundings (Stealth+).
Your rubbery body absorbs attacks. (AC +1, EV +1)


Message History

You hit the orc wizard.
The orc wizard is severely wounded.
You constrict the orc wizard.
* * * LOW HITPOINT WARNING * * *
You feel sick.
The orc wizard hits you with a +1 dagger of venom.
* * * LOW HITPOINT WARNING * * *
You are more poisoned.
You hit the orc wizard but do no damage.
The orc wizard is almost dead.
You constrict the orc wizard.
* * * LOW HITPOINT WARNING * * *
You feel sick.
The orc wizard hits you with a +1 dagger of venom.
* * * LOW HITPOINT WARNING * * *
You are more poisoned.
You hit the orc wizard.
You kill the orc wizard!
Your Shields skill increases to level 3!
You die...

###.......# ######.......#.....#
..........####...##.......#.....#
............##............#.....#
............##....)..............
.................................
###...[......................##..
########...................##..
###.......................
#........@................
######.......).................
###...##......######...##........
......##......######.............
......##.......................).
...........#.....................
..........##.....................
..........###.....##.............
............+.....##.............


There were no monsters in sight!

Vanquished Creatures
  An orc wizard (D:3)
  A worker ant (D:3)
  Robin (D:2)
  2 adders
  An ooze (D:3)
  A worm (D:2)
  2 dart slugs
  3 leopard geckos
  10 orcs
  2 ball pythons
  3 bats
  2 giant cockroaches
  16 goblins
  5 hobgoblins
  6 kobolds
  3 quokkas
  A frilled lizard (D:2)
  2 rats
62 creatures vanquished.

Notes
Turn   | Place    | Note
-------+----------+-------------------------------------------
     0 | D:1      | Gynju the Octopode Wizard began the quest for the Orb.
     0 | D:1      | Reached XP level 1. HP: 11/11 MP: 4/4
   330 | D:1      | Reached XP level 2. HP: 17/17 MP: 1/6
  1218 | D:2      | Reached XP level 3. HP: 21/21 MP: 2/7
  1354 | D:2      | Reached skill level 1 in Shields
  2092 | D:2      | Found a runed translucent door.
  2093 | D:2      | Noticed Crazy Yiuf
  2574 | D:3      | Reached XP level 4. HP: 27/27 MP: 0/9
  2897 | D:3      | Noticed Robin
  3036 | D:2      | Killed Robin
  3230 | D:3      | Reached XP level 5. HP: 31/31 MP: 5/10
  3667 | D:3      | Found a deep blue altar of Sif Muna.
  3851 | D:3      | HP: 1/31 [orc wizard/+1 dagger of venom (2)]
  3852 | D:3      | Succumbed to an orc wizard's poison

Levels and vault maps discovered:
D:1:      dpeg_arrival_tiny_i, layout_basic
D:2:      layout_loops_cross, first_ration, uniq_crazy_yiuf_cottage
D:3:      layout_basic, corner_web_ring, dk_vineyard_1, led_sif_pool, uniq_robin
D:4:      layout_basic, minmay_temple_entry_glassed_door

Skill      XL: |  1  2  3  4  5 |
---------------+----------------+-----
Conjurations   | 2 |  2.8
Shields        | 2 3 |  3.0
Dodging        | |  2.0
Stealth        | |  2.6
Spellcasting   | |  3.9
Summonings     | |  1.0
Translocations | |  1.0

Action                   |  1- 3 |  4- 6 || total
-------------------------+-------+-------++-------
Melee: Unarmed           |     3 |       ||     3
       Constrict         |     2 |     3 ||     5
       Whip              |     5 |    15 ||    20
       Tentacles         |     1 |     3 ||     4
 Cast: Magic Dart        |    96 |    84 ||   180
  Eat: Chunk             |     4 |     5 ||     9
Armor: Skin              |     1 |       ||     1
Dodge: Dodged            |    11 |    28 ||    39
Block: Buckler           |     4 |    10 ||    14

Table legend:
 A = Non-vault XP
 B = Vault XP
 C = Vault XP percentage of total XP
 D = Non-vault monster count
 E = Vault monster count
 F = Vault count percentage of total count
                 A         B        C        D         E       F
            +---------+---------+-------+---------+---------+-------
      Total |     210 |      33 |  13.6 |      51 |      11 |  17.7
            +---------+---------+-------+---------+---------+-------
        D:1 |      24 |       0 |   0.0 |      12 |       0 |   0.0
        D:2 |      44 |      17 |  27.9 |      16 |       2 |  11.1
        D:3 |     135 |      16 |  10.6 |      20 |       9 |  31.0
        D:4 |       7 |       0 |   0.0 |       3 |       0 |   0.0
            +---------+---------+-------+---------+---------+-------
